Map: Terraços Prion

Players

Locoporron

  • Race: Terran Terran
  • League: Master

TheZergLord - Winner!

  • Race: Zerg Zerg
  • League: Master

VOD

Have the link to the VOD?

Description

Time

  • Played on: Feb. 25, 2016, 8:11 a.m.
  • Length: 11:27
Show
View Real Time Build Order
Export as new Build Order

Locoporron Terran 

Build Orders: Bio Tank 

Get SALT Encoding   

  12  0:03  SCV  
  13  0:15  SCV  
  14  0:27  SCV  
  15  0:28  Supply Depot  
  15  0:47  Refinery  
  15  0:50  SCV, Barracks  
  16  1:02  SCV  
  17  1:14  SCV  
  18  1:26  SCV  
  18  1:27  Supply Depot  
  19  1:38  Supply Depot  
  19  1:39  Barracks Reactor  
  19  1:44  Orbital Command  
  19  2:16  Marine x2  
  19  2:18  Command Center  
  19  2:20  Factory  
  21  2:22  SCV  
  21  2:34  SCV, Marine x2  
  24  2:47  SCV  
  24  2:48  Refinery  
  25  2:52  Marine x2  
  27  3:03  Bunker  
  28  3:09  Widow Mine, Starport  
  28  3:10  Marine  
  30  3:15  SCV  
  30  3:16  Supply Depot  
  30  3:18  Marine  
  32  3:27  SCV, Marine  
  34  3:35  Marine  
  34  3:38  Widow Mine  
  34  3:40  Orbital Command  
  37  3:46  Marine  
  38  3:54  Medivac  
  38  3:55  SCV  
  41  4:07  Factory Tech Lab  
  42  4:10  SCV  
  42  4:23  Marine x2  
  40  4:27  Siege Tank  
  40  4:30  Medivac  
  44  4:43  Marine x2  
  42  4:57  SCV  
  43  5:01  Marine  
  43  5:02  Siege Tank  
  48  5:16  SCV  
  48  5:17  Orbital Command  
  48  5:20  Supply Depot, Barracks Reactor  
  48  5:22  Starport Tech Lab  
  48  5:29  SCV  
  48  5:34  Siege Tank  
  52  5:54  SCV x2  
  54  5:58  Supply Depot  
  54  6:03  Liberator  
  54  6:06  SCV  
  55  6:12  SCV  
  55  6:13  Siege Tank  
  55  6:16  Marine  
  62  6:18  SCV  
  62  6:21  Refinery x2  
  64  6:30  Command Center  
  64  6:34  Marine  
  65  6:40  SCV  
  66  6:50  Stimpack  
  66  6:51  Siege Tank  
  66  6:52  Marine  
  70  6:55  Liberator  
  70  6:59  Barracks x2  
  70  7:00  Barracks  
  70  7:01  Supply Depot  
  71  7:03  Supply Depot  
  71  7:09  Marine  
  74  7:27  Marine  
  75  7:31  Liberator  
  75  7:36  Siege Tank  
  78  7:38  Liberator, SCV  
  79  7:45  Marine  
  79  7:46  Orbital Command  
  83  7:53  SCV  
  84  8:01  Barracks Reactor x2  
  84  8:02  Barracks Tech Lab  
  84  8:03  SCV, Marine  
  86  8:08  Supply Depot  
  86  8:21  Marine  
  87  8:30  Marine  
  87  8:31  Siege Tank  
  94  8:38  Marine  
  94  8:39  Medivac x2  
  96  8:44  Marine  
  96  8:45  Marine x3  
  96  8:48  Marine  
  99  8:59  Orbital Command, Marine  
  100  9:03  Marine x3  
  100  9:04  Marine  
  100  9:05  Siege Tank, Marine  
  100  9:09  Medivac  
  110  9:13  Engineering Bay  
  110  9:14  Engineering Bay, Supply Depot  
  110  9:16  Supply Depot  
  110  9:17  Supply Depot  
  110  9:18  Marine  
  110  9:21  Marine  
  110  9:23  Marine x2  
  114  9:24  SCV x3  
  114  9:26  Marine  
  114  9:29  Marine  
  116  9:35  Medivac, Marine  
  116  9:36  SCV x2  
  116  9:37  Siege Tank  
  124  9:39  Medivac, Marine  
  124  9:45  Marine x2  
  124  9:46  Marine  
  124  9:47  Marine  
  128  9:54  SCV x2  
  128  9:55  Combat Shields, Marine  
  131  10:01  SCV  
  131  10:03  Marine  
  131  10:05  Medivac, Marine x2  
  131  10:06  SCV x2, Marine  
  137  10:09  Marine  
  137  10:12  Marine  
  137  10:13  SCV  
  140  10:19  Medivac  
  140  10:21  Marine  
  144  10:23  Marine x2  
  144  10:24  Marine  
  146  10:29  Command Center  
  146  10:31  Supply Depot x2, Marine x2  
  146  10:32  Supply Depot  
  148  10:39  Marine  
  148  10:41  Marine x2  
  151  10:49  Marine x2  
  125  10:50  Marine  
  125  10:57  Marine  
  101  10:59  Marine x2  
  106  11:07  Marine x3  
Show
View Real Time Build Order
Export as new Build Order

TheZergLord Zerg - Winner!

Build Orders: Hatch First 

Get SALT Encoding   

  12  0:01  Drone  
  13  0:13  Overlord  
  13  0:18  Drone  
  14  0:32  Drone x2  
  17  0:35  Drone  
  17  0:56  Drone  
  18  0:58  Drone  
  18  1:03  Hatchery  
  18  1:11  Extractor  
  17  1:14  Spawning Pool  
  17  1:16  Drone  
  17  1:20  Drone  
  18  1:30  Drone  
  19  1:40  Overlord  
  19  2:00  Queen  
  21  2:03  Roach Warren, Zergling x4  
  22  2:13  Overlord  
  22  2:16  Drone  
  23  2:43  Roach  
  23  2:44  Roach x3  
  31  2:48  Queen  
  31  2:49  Roach  
  35  2:51  Roach  
  37  2:59  Roach  
  37  3:04  Overlord  
  39  3:16  Ravager  
  40  3:21  Overlord  
  40  3:22  Drone x3  
  42  3:36  Ravager  
  43  3:42  Drone x4  
  43  3:43  Drone x2  
  49  3:53  Drone x2  
  49  3:54  Drone  
  52  4:00  Drone  
  53  4:03  Ravager  
  53  4:36  Drone x6, Ravager  
  51  5:03  Roach x3  
  57  5:07  Extractor  
  57  5:09  Drone, Extractor  
  57  5:10  Overlord x2  
  56  5:14  Queen  
  56  5:15  Queen  
  56  5:16  Overlord x2  
  60  5:26  Hatchery  
  59  5:30  Roach x2  
  63  5:36  Drone  
  63  5:39  Roach x3  
  70  5:50  Drone  
  70  5:52  Extractor  
  70  5:53  Drone x3  
  70  5:54  Roach  
  70  5:56  Lair  
  75  6:05  Roach  
  75  6:06  Roach  
  79  6:16  Evolution Chamber  
  79  6:17  Evolution Chamber, Drone x2  
  79  6:24  Roach x2  
  83  6:26  Overlord x3  
  83  6:49  Zerg Missile Weapons Level 1, Zerg Ground Armor Level 1  
  83  6:51  Drone x5  
  83  6:52  Drone  
  83  6:53  Drone x3  
  93  6:54  Drone  
  93  6:55  Glial Reconstitution  
  93  6:58  Roach x3  
  93  6:59  Extractor x2  
  101  7:08  Roach x3  
  101  7:15  Roach x2  
  105  7:36  Overlord x5  
  105  7:37  Overlord  
  105  7:43  Overlord x3  
  103  7:57  Drone  
  103  7:58  Drone  
  105  8:01  Roach x7  
  105  8:02  Roach  
  121  8:07  Roach x4  
  129  8:21  Roach x5  
  137  8:31  Roach x2  
  137  8:32  Roach  
  143  8:37  Queen  
  143  8:39  Queen  
  147  8:45  Roach x3  
  147  8:46  Roach x6  
  149  9:03  Ravager  
  149  9:04  Ravager x5  
  149  9:05  Roach  
  157  9:37  Queen  
  159  9:43  Roach  
  159  9:44  Roach x6  
  159  9:45  Roach x3  
  175  9:51  Drone  
  175  9:52  Drone x2  
  176  9:53  Drone x2  
  175  10:13  Overlord x6  
  175  10:16  Roach  
  175  10:20  Ravager  
  178  10:28  Overseer  
  176  10:36  Roach x9  
  176  10:41  Hatchery  
  158  10:52  Roach x3  
  158  10:53  Roach x3  
  142  11:01  Roach x2  
  142  11:02  Roach x4  
Tags
 
Add a new tag
Caveats
  • Supply blocks, unpowered buildings, or Contaminate may cause inaccurate times.
  • Supply counts are checked every 10 seconds.